 Dungeon Crawl Stone Soup version 0.28-a0-664-gc179e30c89 (webtiles) character file.

Game seed: 17660340884363418061

66 jasper the Vandal (level 3, -7/26 HPs)
             Began as a Demonspawn Arcane Marksman on Oct 16, 2021.
             Was a Believer of Jiyva.
             Mangled by an orc (10 damage)
             ... on level 3 of the Dungeon.
             The game lasted 00:03:49 (2399 turns).

jasper the Vandal (Demonspawn Arcane Marksman)      Turns: 2399, Time: 00:03:49

Health: -7/26      AC:  5    Str: 12    XL:     3   Next: 96%
Magic:  4/4        EV: 12    Int: 14    God:    Jiyva [**....]
Gold:   31         SH:  0    Dex: 12    Spells: 4/4 levels left

rFire   . . .      SeeInvis .   e - +0 short sword
rCold   . . .      Faith    .   (no shield)
rNeg    . . .      Spirit   .   d - +0 robe
rPois   .          Reflect  .   (helmet restricted)
rElec   .          Harm     .   b - +1 cloak
rCorr   .          Rampage  .   (no gloves)
Will    .....                   g - +0 pair of boots
Stlth   +.........              (no amulet)
HPRegen 0.08/turn               (no ring)
MPRegen 0.18/turn               (no ring)

@: brilliant, lethally poisoned (-7 -> -14), very slow
A: antennae 1, magic regeneration
a: Renounce Religion, Request Jelly


You were on level 3 of the Dungeon.
You worshipped Jiyva.
Jiyva was pleased with you.
You visited 1 branch of the dungeon, and saw 3 of its levels.

You collected 70 gold pieces.
You spent 39 gold pieces at shops.

Inventory:

Hand Weapons
 a - a +1 hunting sling
 e - a +0 short sword (weapon)
 h - a +0 spear
Armour
 b - a +1 cloak (worn)
 d - a +0 robe (worn)
 g - a +0 pair of boots (worn)
 i - a +0 helmet


   Skills:
 - Level 1.0 Fighting
 + Level 3.9 Slings
 - Level 1.7 Dodging
 - Level 1.0 Spellcasting
 - Level 3.0 Hexes


You had 4 spell levels left.
You didn't know any spells.
Your spell library contained the following spells:

 Spells                   Type           Power      Damage    Failure   Level
 Slow                     Hex            13%        N/A       12%         2
 Confusing Touch          Hex            13%        N/A       22%         3
 Blink                    Tloc           N/A        N/A       36%         2
 Inner Flame              Hex/Fire       7%         N/A       38%         3
 Portal Projectile        Hex/Tloc       14%        N/A       38%         3
 Cause Fear               Hex            6%         N/A       58%         4
 Lesser Beckoning         Tloc           1%         N/A       61%         3
 Yara's Violent Unravell  Hex/Tmut       3%         3d4       98%         5
 Manifold Assault         Tloc           1%         N/A       100%        5


Dungeon Overview and Level Annotations

Branches:
Dungeon (3/15)

Altars:
Jiyva

Shops:
D:1 !


Innate Abilities, Weirdness & Mutations

You have a pair of small antennae on your head.
You regenerate magic rapidly.


Message History

You kill the ball python!
You feel very sick. The orc completely misses you.
You take 4 damage, and have 10/26 hp.
You feel sick.
You take 2 damage, and have 8/26 hp.
You aren't carrying any scrolls.
You feel better. The orc hits you but does no damage.
You are poisoned.
You regained 6 hp, and now have 14/26 hp.
You feel sick.
You take 2 damage, and have 12/26 hp.
You feel sick.
You take 1 damage, and have 11/26 hp.
You feel sick.
You feel sick.
You take 1 damage, and have 10/26 hp.
You feel sick.
You are no longer poisoned.
You take 1 damage, and have 9/26 hp.
You enter the shallow water.
Moving in this stuff is going to be slow.
The orc closely misses you.
You hit the orc.
The orc is severely wounded.
The orc hits you with a +2 morningstar of venom.
You are lethally poisoned!
You take 2 damage, and have 8/26 hp.
You hit the orc but do no damage.
The orc is severely wounded.
* * * LOW HITPOINT WARNING * * *
You feel very sick. The orc misses you.
You take 3 damage, and have 5/26 hp.
You hit the orc but do no damage.
The orc is severely wounded.
* * * LOW HITPOINT WARNING * * *
You feel sick.
The orc hits you with a +2 morningstar of venom!
You die...

.≈#≈≈J≈..≈≈≈##≈≈##
≈≈≈≈≈≈≈≈.≈≈≈≈≈≈≈≈##########
J≈≈≈≈≈≈≈...≈≈≈≈≈≈≈.........#
..≈≈≈≈#≈.<.≈≈#≈≈≈..#######.#
..≈≈≈≈≈≈≈...≈≈≈≈≈#≈## ###.#
..≈≈≈≈≈≈≈≈.≈≈#≈≈≈≈≈# #...#
..≈≈≈≈≈#≈.≈≈≈≈≈≈≈## #.####
.#.#≈≈≈.≈..≈≈≈≈≈o## ###.##.#
...≈≈≈≈≈...≈≈≈≈@#.# #.....#
##.#≈≈≈≈≈≈≈#≈≈##.####....##
######.≈≈≈≈#≈≈.###........##
........≈≈.≈≈##.###.###....#
#######.#..####...♣♣♣♣♣♣♣♣♣♣
#.#.## ###.♣..PP.♣♣.♣ #.#.#
#........... #.#.#
#.♣♣♣♣♣♣PP♣♣ #.#.#######.♣♣♣


You could see an orc.

Vanquished Creatures
  An adder (D:2)
  A worm (D:2)
  7 dart slugs (D:3)
  4 ball pythons
  6 bats
  A giant cockroach (D:2)
  2 goblins (D:1)
  2 hobgoblins
  2 jackals (D:1)
  3 quokkas (D:2)
  4 frilled lizards
  6 kobolds
  4 rats
43 creatures vanquished.

Vanquished Creatures (others)
  An adder (D:2)
  2 dart slugs (D:3)
  An orc (D:2)
  A giant cockroach (D:2)
  A kobold (D:2)
  A ball python (D:2)
  A bat (D:3)
  A frilled lizard (D:2)
  3 rats
12 creatures vanquished.

Grand Total: 55 creatures vanquished

Notes
Turn   | Place    | Note
-------+----------+-------------------------------------------
     0 | D:1      | jasper the Demonspawn Arcane Marksman began the quest for
                  | the Orb.
     0 | D:1      | Reached XP level 1. HP: 15/15 MP: 2/2
   468 | D:1      | Gained mutation: You have a pair of small antennae on your
                  | head. [demonic ancestry]
   468 | D:1      | Reached XP level 2. HP: 21/21 MP: 3/3
   573 | D:1      | Found a faded altar of an unknown god.
   589 | D:1      | Prayed at the altar of an unknown god.
   589 | D:1      | Became a worshipper of Jiyva Jucutimm the Shapeless
   589 | D:1      | Reached * piety under Jiyva
   654 | D:1      | Found Uleihom's Distillery.
   757 | D:1      | Bought a potion of curing for 39 gold pieces
  1162 | D:2      | Gained mutation: You regenerate magic rapidly. [demonic
                  | ancestry]
  1162 | D:2      | Reached XP level 3. HP: 6/26 MP: 4/4
  2093 | D:3      | Reached ** piety under Jiyva
  2399 | D:3      | Mangled by an orc

Illustrated notes

Levels and vault maps discovered:
D:1:      dpeg_arrival_tiny_a, layout_loops_corners,
          chequers_ecumenical_altar_simple_redux, serial_shops,
          nicolae_shop_waterfront
D:2:      layout_rooms, minmay_worlds_worst_comb
D:3:      kennysheep_slugbush, layout_loops_ring, serial_forest,
          infiniplex_forest_straight_5, infiniplex_forest_straight_5,
          infiniplex_forest_straight_2, infiniplex_forest_lined_2,
          infiniplex_forest_corner_2

Skill      XL: |  1  2 |
---------------+-------+-----
Slings         | 2 3 |  3.9
Fighting       | |  1.0
Dodging        | |  1.7
Spellcasting   | |  1.0
Hexes          | |  3.0

Action                   || total
-------------------------++-------
Melee: Short sword       ||    26
 Fire: Hunting sling     ||   108
  Use: Scroll            ||     3
       Potion            ||     2
Armor: Robe              ||    15
Dodge: Dodged            ||    58

Table legend: (Time is in decaauts)
 A = Elapsed time spent in this place.
 B = Non-inter-level travel time spent in this place.
 C = Inter-level travel time spent in this place.
 D = Time resting spent in this place.
 E = Time spent auto-exploring this place.
 F = Levels seen in this place.
 G = Mean time per level.
                   A        B        C        D        E       F      G
               +--------+--------+--------+--------+--------+-----+--------+
         Total |   2422 |   2292 |    130 |    401 |   1476 |   3 |  807.3 |
       Dungeon |   2422 |   2292 |    130 |    401 |   1476 |   3 |  807.3 |
               +--------+--------+--------+--------+--------+-----+--------+

Top non-repeatable levels by time:
     D:1: 1078 daAuts
     D:2: 893 daAuts
     D:3: 451 daAuts
